 Dungeon Crawl Stone Soup version 0.28.0-53-g5a82cb258f (webtiles) character file.

Game seed: 424075978483107637

55 DildoBatman the Conjurer (level 4, 0/30 (32) HPs)
             Began as a Formicid Conjurer on July 16, 2022.
             Succumbed to a scorpion's poison
             ... on level 6 of the Dungeon.
             The game lasted 00:03:00 (1530 turns).

DildoBatman the Conjurer (Formicid Conjurer)        Turns: 1530, Time: 00:03:00

HP:   0/30 (32)     AC:  4    Str: 12    XL:     4   Next: 14%
MP:   8/8           EV: 12    Int: 17    God:
Gold: 74            SH:  0    Dex: 11    Spells: 5/8 levels left

rFire   . . .      SeeInvis +   f - +0 dagger
rCold   . . .      Faith    .   (no shield)
rNeg    . . .      Spirit   .   a - +0 robe
rPois   .          Reflect  .   (helmet unavailable)
rElec   .          Harm     .   (no cloak)
rCorr   .          Rampage  .   (no gloves)
Will    .....                   g - +1 pair of boots
Stlth   ++........              (no amulet)
HPRegen 0.10/turn               (no ring)
MPRegen 0.11/turn               (no ring)

@: lethally poisoned (0 -> -4), drained
A: permanent stasis, dig shafts and tunnels, antennae 3, four strong arms
a: Dig, Shaft Self


You were on level 6 of the Dungeon.
You visited 1 branch of the dungeon, and saw 4 of its levels.

You collected 74 gold pieces.

Inventory:

Hand Weapons
 f - a +0 dagger (weapon)
Missiles
 b - 50 stones
 h - 15 sling bullets
Armour
 a - a +0 robe (worn)
 g - a +1 pair of boots (worn)
Scrolls
 e - a scroll of immolation {unknown}
 j - a scroll of identify {unknown}
Potions
 c - a potion of might {unknown}
 d - 3 potions of curing {unknown}
 i - a potion of haste {unknown}


   Skills:
 * Level 1.5 Fighting
 * Level 1.6 Armour
 - Level 2.0 Dodging
 - Level 2.4 Stealth
 * Level 2.8 Spellcasting
 * Level 3.9 Conjurations


You had 5 spell levels left.
You knew the following spells:

 Your Spells              Type           Power      Damage    Failure   Level
a - Searing Ray           Conj           30%        2d5       5%          2
c - Magic Dart            Conj           60%        1d6       3%          1

Your spell library contained the following spells:

 Spells                   Type           Power      Damage    Failure   Level
 Beastly Appendage        Tmut           4%         N/A       19%         1
 Dazzling Flash           Conj/Hex       18%        N/A       24%         3
 Wereblood                Tmut           2%         N/A       26%         2
 Spider Form              Tmut/Pois      2%         N/A       47%         3
 Fulminant Prism          Conj/Hex       4%         3d6       61%         4
 Iskenderun's Mystic Bla  Conj/Tloc      9%         2d4       61%         4


Dungeon Overview and Level Annotations

Branches:
Dungeon (2/15)

Altars:

Annotations:
D:6 Sigmund


Innate Abilities, Weirdness & Mutations

You cannot be hasted, slowed, berserked, paralysed or teleported.
You can dig through walls and to a lower floor.
You have a pair of large antennae on your head. (SInv)
Your four strong arms can wield two-handed weapons with a shield.


Message History

The scorpion barely misses you. What are your orders? t - Shout!
Orders for allies: a - Attack new target. r - Retreat! s - Stop attacking. g - Guard the area. f - Follow me.
Anything else - Cancel.
You shout for attention!
You feel sick. The scorpion misses you.
A shadow imp comes into view.
What are your orders? t - Shout!
Orders for allies: a - Attack new target. r - Retreat! s - Stop attacking. g - Guard the area. f - Follow me.
Anything else - Cancel.
You shout for attention!
You feel sick.
You hear an angry hiss.
Sigmund barely misses you. The scorpion barely misses you.
What are your orders? t - Shout!
Orders for allies: a - Attack new target. r - Retreat! s - Stop attacking. g - Guard the area. f - Follow me.
Anything else - Cancel.
You shout for attention!
You feel sick. The scorpion completely misses you.
Sigmund hits you from afar with a +0 scythe.
What are your orders? t - Shout!
Orders for allies: a - Attack new target. r - Retreat! s - Stop attacking. g - Guard the area. f - Follow me.
Anything else - Cancel.
You shout for attention!
You die...

#... ......
##..$.. #......
#...... ########
#......##......#
#..............#
#....<.:.......#
.#'###@#..##..#
#....@.s#..# ..#
#.......#..# ###
#.......#...
#.......#....
#......5#..###
#.......#..#
#.......#


You could see Sigmund, a scorpion and a shadow imp.

Vanquished Creatures
  2 adders (D:2)
  2 dart slugs (D:1)
  3 bats (D:1)
  3 endoplasms
  3 giant cockroaches (D:1)
  3 hobgoblins
  4 jackals (D:1)
  3 ball pythons
  2 frilled lizards (D:1)
  4 goblins
  2 rats (D:1)
31 creatures vanquished.

Vanquished Creatures (others)
  2 fungi (D:2)
  3 plants (D:2)
5 creatures vanquished.

Grand Total: 36 creatures vanquished

Notes
Turn   | Place    | Note
-------+----------+-------------------------------------------
     0 | D:1      | DildoBatman the Formicid Conjurer began the quest for the
                  | Orb.
     0 | D:1      | Reached XP level 1. HP: 13/13 MP: 3/3
   201 | D:1      | Reached XP level 2. HP: 20/20 MP: 3/5
   204 | D:1      | Learned a level 2 spell: Searing Ray
   658 | D:1      | Reached skill level 1 in Fighting
   658 | D:1      | Reached skill level 1 in Armour
   733 | D:1      | Reached XP level 3. HP: 24/26 MP: 1/6
  1448 | D:2      | Reached XP level 4. HP: 32/32 MP: 4/8
  1451 | D:2      | You fall into a shaft and drop 1 floor!
  1482 | D:3      | You fall into a shaft and drop 3 floors!
  1522 | D:6      | Noticed Sigmund
  1522 | D:6      | Noticed a scorpion
  1529 | D:6      | HP: 1/30 [Sigmund/+0 scythe (5)]
  1530 | D:6      | Succumbed to a scorpion's poison

Illustrated notes

Levels and vault maps discovered:
D:1:      saegor_arrival_simple_d, layout_loops_corners,
          minmay_worlds_worst_comb
D:2:      layout_loops_ring, shapermc_ecumenical_altar_petra
D:3:      layout_loops_corners
D:6:      layout_gridville, mainiacjoe_overflow_alcove_1, uniq_menkaure,
          uniq_edmund, uniq_sigmund

Skill      XL: |  1  2 |
---------------+-------+-----
Dodging        | 2 |  2.0
Fighting       | 1 |  1.5
Armour         | 1 |  1.6
Stealth        | |  2.4
Spellcasting   | |  2.8
Conjurations   | |  3.9

Action                   |  1- 3 |  4- 6 || total
-------------------------+-------+-------++-------
Melee: Unarmed           |     7 |       ||     7
       Dagger            |    14 |       ||    14
 Cast: Magic Dart        |    48 |       ||    48
       Searing Ray       |     4 |       ||     4
 Abil: Shaft Self        |       |     2 ||     2
       Dig               |       |     1 ||     1
 Stab: Sleeping          |     1 |       ||     1
Armor: Robe              |     3 |       ||     3
Dodge: Dodged            |    24 |     7 ||    31
